TOP OF THE 1ST |
Idaho Falls Chukars batting - Pitching for Spokane Indians : RHP Marc Duncan
|
Pitching: RHP Marc Duncan
|
|
Batting: RHB Chad Sullivan
|
0-0: Called Strike 0-1: Called Strike 0-2: Ball 1-2: Foul Ball, location: 2F 1-2: Strikes out looking
|
Batting: RHB Eric Erickson
|
0-0: Called Strike 0-1: Swinging Strike 0-2: Strikes out swinging
|
Batting: RHB Edite Leoni
|
0-0: Ball 1-0: Called Strike 1-1: Ball 2-1: Ball 3-1: Called Strike 3-2: Strikes out swinging
|
Top of the 1st over - 0 runs, 0 hits, 0 errors, 0 left on base; Idaho Falls 0 - Spokane 0 |
BOTTOM OF THE 1ST |
Spokane Indians batting - Pitching for Idaho Falls Chukars : RHP Travis Stump
|
Pitching: RHP Travis Stump
|
|
Batting: RHB Jason Sher
|
0-0: Swinging Strike 0-1: TRIPLE (Line Drive, 9D, EV 113.8 MPH)
|
Batting: LHB William Hanley
|
0-0: Ball 1-0: Ball 2-0: Foul Ball, location: 2F 2-1: Called Strike 2-2: Strikes out looking
|
Batting: RHB Roberto Gonzalez
|
0-0: Ball 1-0: Fly out, F4 (Popup, 4, EV 60.0 MPH)
|
Batting: RHB Mike Trujillo
|
0-0: Ball 1-0: Ball 2-0: Foul Ball, location: 2F 2-1: Swinging Strike 2-2: Ball 3-2: Base on Balls
|
Batting: LHB Guo-ning Ren
|
0-0: Ball 1-0: Called Strike 1-1: Foul Ball, location: 2F 1-2: Ball 2-2: Ball 3-2: SINGLE (Line Drive, 7S, EV 98.1 MPH) Jason Sher scores Mike Trujillo to second Mike Trujillo to third
|
Pitching: RHP Tony Jimenez
|
|
Batting: RHB Alex Vasquez
|
0-0: Ball 1-0: Called Strike 1-1: Ground out 3-1 (Groundball, 34, EV 81.9 MPH)
|
Bottom of the 1st over - 1 run, 2 hits, 0 errors, 2 left on base; Idaho Falls 0 - Spokane 1 |
TOP OF THE 2ND |
Idaho Falls Chukars batting - Pitching for Spokane Indians : RHP Marc Duncan
|
Batting: RHB Ken Postlethwaite
|
0-0: Ball 1-0: Called Strike 1-1: Ball 2-1: Ground out 6-3 (Groundball, 6, EV 88.8 MPH)
|
Batting: RHB Jeremy Haun
|
0-0: Foul Ball, location: 2F 0-1: Foul Ball, location: 2F 0-2: Strikes out swinging
|
Batting: RHB Nate De Jongh
|
0-0: Ball 1-0: Ball 2-0: Called Strike 2-1: Ball 3-1: Base on Balls
|
Batting: RHB Eric Dyer
|
0-0: Called Strike 0-1: Called Strike 0-2: Ball 1-2: Strikes out swinging
|
Top of the 2nd over - 0 runs, 0 hits, 0 errors, 1 left on base; Idaho Falls 0 - Spokane 1 |
BOTTOM OF THE 2ND |
Spokane Indians batting - Pitching for Idaho Falls Chukars : RHP Tony Jimenez
|
Batting: SHB Hatsuo Miura
|
0-0: Ball 1-0: Ball 2-0: Reached on error, E4 (Groundball, 4, EV 89.4 MPH)
|
Batting: LHB Akira Yamano
|
0-0: Ball 1-0: Foul Ball, location: 2F 1-1: Foul Ball, location: 2F 1-2: Ball 2-2: Ball 3-2: Base on Balls
|
Batting: LHB Silvio Mulder
|
0-0: Ball 1-0: Called Strike 1-1: Ball 2-1: Called Strike 2-2: Strikes out swinging
|
Batting: RHB Jason Sher
|
0-0: Ball 1-0: Ball 2-0: Foul Ball, location: 2F 2-1: Ball 3-1: Foul Ball, location: 2F 3-2: Base on Balls Hatsuo Miura to third Akira Yamano to second
|
Pitching: RHP Rich Frontczak
|
|
Batting: LHB William Hanley
|
0-0: Called Strike 0-1: Ball 1-1: Ball 2-1: SINGLE (Groundball, 3S, EV 76.3 MPH) (infield hit) Hatsuo Miura scores Akira Yamano to third Jason Sher to second
|
Pinch Hitting: LHB Willie Calderon
|
0-0: Called Strike 0-1: Ball 1-1: Called Strike 1-2: Strikes out swinging
|
Batting: RHB Mike Trujillo
|
0-0: Ball 1-0: Ball 2-0: Ball 3-0: Called Strike 3-1: Base on Balls Akira Yamano scores Jason Sher to third William Hanley to second
|
Batting: LHB Guo-ning Ren
|
0-0: Called Strike 0-1: TRIPLE (Flyball, 8RXD, EV 94.4 MPH) Jason Sher scores William Hanley scores Mike Trujillo scores
|
Batting: RHB Alex Vasquez
|
0-0: Swinging Strike 0-1: Swinging Strike 0-2: Ball 1-2: Ball 2-2: Foul Ball, location: 2F 2-2: Ball Wild Pitch! Guo-ning Ren scores 3-2: Base on Balls
|
Batting: SHB Hatsuo Miura
|
0-0: Called Strike 0-1: Ball 1-1: Swinging Strike Pickoff Throw by Catcher to First - Error! E2 Alex Vasquez to second 1-2: Ball 2-2: Ball 3-2: DOUBLE (Line Drive, 7LM, EV 113.8 MPH) Alex Vasquez scores
|
Batting: LHB Akira Yamano
|
0-0: Ball 1-0: Ball 2-0: Ball 3-0: Base on Balls
|
Batting: LHB Silvio Mulder
|
0-0: Ball 1-0: Called Strike 1-1: Swinging Strike 1-2: Strikes out looking
|
Bottom of the 2nd over - 7 runs, 3 hits, 2 errors, 2 left on base; Idaho Falls 0 - Spokane 8 |
TOP OF THE 3RD |
Idaho Falls Chukars batting - Pitching for Spokane Indians : RHP Marc Duncan
|
Now at 1B: Jason Sher
|
|
Now at 2B: Akira Yamano
|
|
Now at SS: Jose Marquez
|
|
Batting: RHB Ben Minge
|
0-0: Foul Ball, location: 2F 0-1: Foul Ball, location: 2F 0-2: Strikes out swinging
|
Batting: RHB Timotheus Cooper
|
0-0: Called Strike 0-1: Foul Ball, location: 2F 0-2: Ball 1-2: Ground out 5-3 (Groundball, 5L, EV 89.4 MPH)
|
Batting: RHB Chad Sullivan
|
0-0: Called Strike 0-1: Ball 1-1: Ground out 6-3 (Groundball, 6, EV 88.8 MPH)
|
Top of the 3rd over - 0 runs, 0 hits, 0 errors, 0 left on base; Idaho Falls 0 - Spokane 8 |
BOTTOM OF THE 3RD |
Spokane Indians batting - Pitching for Idaho Falls Chukars : RHP Rich Frontczak
|
Batting: RHB Jason Sher
|
0-0: Called Strike 0-1: Ball 1-1: Ball 2-1: Swinging Strike 2-2: Ball 3-2: Foul Ball, location: 2F 3-2: Foul Ball, location: 2F 3-2: Foul Ball, location: 2F 3-2: SINGLE (Groundball, 56D, EV 98.1 MPH)
|
Batting: LHB William Hanley
|
0-0: Ball 1-0: 2-RUN HOME RUN (Flyball, 89XD, EV 103.8 MPH), Distance : 388 ft
|
Pitching: RHP Kevin Allen
|
|
Batting: RHB Jose Marquez
|
0-0: Ball 1-0: Ball 2-0: Foul Ball, location: 2F 2-1: Ground out 5-3 (Groundball, 56, EV 83.8 MPH)
|
Batting: RHB Mike Trujillo
|
0-0: Foul Ball, location: 2F 0-1: Ball 1-1: Called Strike 1-2: Ground out 5-3 (Groundball, 56, EV 90.6 MPH)
|
Batting: LHB Guo-ning Ren
|
0-0: Called Strike 0-1: DOUBLE (Line Drive, 78D, EV 106.9 MPH)
|
Batting: RHB Alex Vasquez
|
0-0: Foul Ball, location: 2F 0-1: Ground out 5-3 (Groundball, 56, EV 88.1 MPH)
|
Bottom of the 3rd over - 2 runs, 3 hits, 0 errors, 1 left on base; Idaho Falls 0 - Spokane 10 |
TOP OF THE 4TH |
Idaho Falls Chukars batting - Pitching for Spokane Indians : RHP Marc Duncan
|
Batting: RHB Eric Erickson
|
0-0: Ball 1-0: Ball 2-0: Swinging Strike 2-1: Swinging Strike 2-2: Strikes out swinging
|
Batting: RHB Edite Leoni
|
0-0: Ball 1-0: Fly out, F8 (Flyball, 78D, EV 90.6 MPH)
|
Batting: RHB Ken Postlethwaite
|
0-0: Foul Ball, location: 2F 0-1: Swinging Strike 0-2: Strikes out looking
|
Top of the 4th over - 0 runs, 0 hits, 0 errors, 0 left on base; Idaho Falls 0 - Spokane 10 |
BOTTOM OF THE 4TH |
Spokane Indians batting - Pitching for Idaho Falls Chukars : RHP Kevin Allen
|
Batting: SHB Hatsuo Miura
|
0-0: Ball 1-0: Foul Ball, location: 2F 1-1: Called Strike 1-2: Ball 2-2: Foul Ball, location: 2F 2-2: Ball 3-2: Foul Ball, location: 2F 3-2: Base on Balls
|
Pitching: LHP Randy Stapleton
|
|
Batting: LHB Akira Yamano
|
0-0: DOUBLE (Line Drive, 9LS, EV 103.1 MPH) Hatsuo Miura to third Runner from 3rd tries for Home, SAFE, no throw by RF
|
Batting: LHB Silvio Mulder
|
0-0: Called Strike 0-1: Called Strike 0-2: Ball 1-2: Fly out, F5 (Popup, 6S, EV 70.0 MPH)
|
Batting: RHB Jason Sher
|
0-0: Ball 1-0: Foul Ball, location: 2F 1-1: Ball 2-1: Ball 3-1: Base on Balls
|
Batting: RHB Andy Sheridan
|
0-0: Ball 1-0: Ball 2-0: Foul Ball, location: 2F 2-1: Foul Ball, location: 2F 2-2: SINGLE (Line Drive, 6D, EV 98.1 MPH) Akira Yamano to third Jason Sher to second Runner from 3rd tries for Home, throw by CF and OUT! 8-2
|
Batting: RHB Jose Marquez
|
0-0: Ball 1-0: Ball 2-0: Called Strike 2-1: Ball Wild Pitch! Jason Sher to third Andy Sheridan to second 3-1: Base on Balls
|
Pitching: LHP John Wagner
|
|
Batting: RHB Mike Trujillo
|
0-0: DOUBLE (Flyball, 8LXD, EV 106.3 MPH) Jason Sher scores Andy Sheridan scores Jose Marquez to third Runner from 3rd tries for Home, SAFE, throw by CF to home
|
Batting: LHB Guo-ning Ren
|
0-0: Swinging Strike 0-1: SINGLE (Groundball, 4M, EV 94.4 MPH) Mike Trujillo to third Runner from 3rd tries for Home, SAFE, throw by CF to home
|
Batting: RHB Alex Vasquez
|
0-0: Ball 1-0: Called Strike Balk! Guo-ning Ren to second 1-1: Fly out, F7 (Flyball, 7LM, EV 88.8 MPH)
|
Bottom of the 4th over - 5 runs, 4 hits, 0 errors, 1 left on base; Idaho Falls 0 - Spokane 15 |
TOP OF THE 5TH |
Idaho Falls Chukars batting - Pitching for Spokane Indians : RHP Marc Duncan
|
Batting: RHB Jeremy Haun
|
0-0: Ball 1-0: Swinging Strike 1-1: Swinging Strike 1-2: Foul Ball, location: 2F 1-2: Ball 2-2: Strikes out swinging
|
Batting: RHB Nate De Jongh
|
0-0: Called Strike 0-1: Ball 1-1: Swinging Strike 1-2: Strikes out looking
|
Batting: RHB Eric Dyer
|
0-0: Foul Ball, location: 2F 0-1: Called Strike 0-2: SINGLE (Groundball, 56D, EV 106.3 MPH)
|
Batting: RHB Ben Minge
|
0-0: Called Strike 0-1: Ball 1-1: Foul Ball, location: 2F 1-2: Ball 2-2: Ball 3-2: Foul Ball, location: 2F 3-2: Strikes out swinging
|
Top of the 5th over - 0 runs, 1 hit, 0 errors, 1 left on base; Idaho Falls 0 - Spokane 15 |
BOTTOM OF THE 5TH |
Spokane Indians batting - Pitching for Idaho Falls Chukars : LHP John Wagner
|
Batting: SHB Hatsuo Miura
|
0-0: Called Strike 0-1: Ball 1-1: Swinging Strike 1-2: Ball 2-2: Strikes out swinging
|
Batting: LHB Akira Yamano
|
0-0: Called Strike 0-1: SINGLE (Groundball, 56S, EV 71.9 MPH) (infield hit)
|
Batting: LHB Silvio Mulder
|
0-0: Ball 1-0: Ball 2-0: Ball 3-0: Base on Balls Akira Yamano to second
|
Batting: RHB Jason Sher
|
0-0: Ball 1-0: Ball 2-0: Ball Wild Pitch! Akira Yamano to third Silvio Mulder to second 3-0: Base on Balls
|
Batting: RHB Andy Sheridan
|
Balk! Akira Yamano scores Silvio Mulder to third Jason Sher to second 0-0: Ball 1-0: Called Strike 1-1: Swinging Strike 1-2: Ball 2-2: Ball 3-2: Foul Ball, location: 2F 3-2: Foul Ball, location: 2F 3-2: Foul Ball, location: 2F 3-2: Foul Ball, location: 2F 3-2: Base on Balls
|
Batting: RHB Jose Marquez
|
0-0: Called Strike 0-1: Called Strike 0-2: Ball 1-2: Foul Ball, location: 2F 1-2: Foul Ball, location: 2F 1-2: Fielders Choice at 2nd, 4-6 (Groundball, 34, EV 88.1 MPH) Silvio Mulder scores Jason Sher to third
|
Batting: RHB Mike Trujillo
|
0-0: Ball 1-0: Ball 2-0: Ball 3-0: Base on Balls Jose Marquez to second
|
Batting: LHB Guo-ning Ren
|
0-0: Called Strike 0-1: Ball 1-1: SINGLE (Flyball, 34D, EV 94.4 MPH) Jason Sher scores Jose Marquez to third Mike Trujillo to second
|
Batting: RHB Alex Vasquez
|
0-0: Fly out, F7 (Flyball, 78S, EV 92.5 MPH)
|
Bottom of the 5th over - 3 runs, 2 hits, 0 errors, 3 left on base; Idaho Falls 0 - Spokane 18 |
TOP OF THE 6TH |
Idaho Falls Chukars batting - Pitching for Spokane Indians : RHP Marc Duncan
|
Batting: RHB Timotheus Cooper
|
0-0: Ball 1-0: Swinging Strike 1-1: Ball 2-1: Foul Ball, location: 2F 2-2: Foul Ball, location: 2F 2-2: Strikes out swinging
|
Batting: RHB Chad Sullivan
|
0-0: Ball 1-0: Ball 2-0: Ball 3-0: Called Strike 3-1: Fly out, F9 (Flyball, 9, EV 93.8 MPH)
|
Batting: RHB Eric Erickson
|
0-0: Called Strike 0-1: Called Strike 0-2: Ball 1-2: Ball 2-2: Ground out 1-3 (Groundball, 34S, EV 76.9 MPH)
|
Top of the 6th over - 0 runs, 0 hits, 0 errors, 0 left on base; Idaho Falls 0 - Spokane 18 |
BOTTOM OF THE 6TH |
Spokane Indians batting - Pitching for Idaho Falls Chukars : LHP John Wagner
|
Batting: SHB Hatsuo Miura
|
0-0: Ball 1-0: Ball 2-0: Called Strike 2-1: Ball 3-1: Base on Balls
|
Batting: LHB Akira Yamano
|
0-0: Called Strike 0-1: Swinging Strike 0-2: Ball 1-2: Strikes out looking
|
Batting: LHB Silvio Mulder
|
0-0: Foul Ball, location: 2F 0-1: Ball 1-1: Foul Ball, location: 2F 1-2: Strikes out swinging
|
Batting: RHB Jason Sher
|
0-0: Foul Ball, location: 2F 0-1: Ball 1-1: SINGLE (Groundball, 4MD, EV 103.1 MPH) Hatsuo Miura to second
|
Batting: RHB Andy Sheridan
|
0-0: Called Strike 0-1: Ball 1-1: Foul Ball, location: 2F 1-2: Foul Ball, location: 2F 1-2: Ball 2-2: Foul Ball, location: 2F 2-2: Ball Balk! Hatsuo Miura to third Jason Sher to second 3-2: SINGLE (Groundball, 6MD, EV 96.9 MPH) Hatsuo Miura scores Jason Sher to third Runner from 3rd tries for Home, SAFE, throw by CF to home
|
Batting: RHB Jose Marquez
|
0-0: Called Strike 0-1: Foul Ball, location: 2F 0-2: Foul Ball, location: 2F 0-2: Strikes out looking
|
Bottom of the 6th over - 2 runs, 2 hits, 0 errors, 1 left on base; Idaho Falls 0 - Spokane 20 |
TOP OF THE 7TH |
Idaho Falls Chukars batting - Pitching for Spokane Indians : RHP Marc Duncan
|
Now at 1B: Roger Renteria
|
|
Batting: RHB Edite Leoni
|
0-0: Ground out 6-3 (Groundball, 56, EV 110.6 MPH)
|
Batting: RHB Ken Postlethwaite
|
0-0: Foul Ball, location: 2F 0-1: Swinging Strike 0-2: Ball 1-2: Strikes out looking
|
Batting: RHB Jeremy Haun
|
0-0: Ball 1-0: Ball 2-0: Hit by Pitch
|
Batting: RHB Nate De Jongh
|
0-0: Ball 1-0: Called Strike 1-1: Ball Wild Pitch! Jeremy Haun to second 2-1: Foul Ball, location: 2F 2-2: Ball 3-2: Foul Ball, location: 2F 3-2: Strikes out looking
|
Top of the 7th over - 0 runs, 0 hits, 0 errors, 1 left on base; Idaho Falls 0 - Spokane 20 |
BOTTOM OF THE 7TH |
Spokane Indians batting - Pitching for Idaho Falls Chukars : LHP John Wagner
|
Pinch Hitting: RHB Zion Carr
|
0-0: Fly out, F7 (Line Drive, 7D, EV 90.0 MPH)
|
Batting: LHB Guo-ning Ren
|
0-0: Fly out, F7 (Flyball, 7, EV 95.0 MPH)
|
Pinch Hitting: SHB Lorenzo Rubio
|
0-0: Ball 1-0: Ball 2-0: Foul Ball, location: 2F 2-1: Foul Ball, location: 2F 2-2: Ball 3-2: Base on Balls
|
Batting: SHB Hatsuo Miura
|
0-0: Ball 1-0: Hit by Pitch Lorenzo Rubio to second
|
Pinch Hitting: RHB Roberto Contreras
|
0-0: Ground out 5-3 (Groundball, 15, EV 83.8 MPH)
|
Bottom of the 7th over - 0 runs, 0 hits, 0 errors, 2 left on base; Idaho Falls 0 - Spokane 20 |
TOP OF THE 8TH |
Idaho Falls Chukars batting - Pitching for Spokane Indians : RHP Marc Duncan
|
Now at 1B: Roberto Contreras
|
|
Now at 2B: Roger Renteria
|
|
Now at 3B: Lorenzo Rubio
|
|
Now in LF: Hatsuo Miura
|
|
Now in RF: Zion Carr
|
|
Batting: RHB Eric Dyer
|
0-0: Swinging Strike 0-1: Ball 1-1: Ball 2-1: Foul Ball, location: 2F 2-2: Ball 3-2: Strikes out looking
|
Batting: RHB Ben Minge
|
0-0: Ground out 6-3 (Groundball, 6MD, EV 101.3 MPH)
|
Batting: RHB Timotheus Cooper
|
0-0: SOLO HOME RUN (Flyball, 7D, EV 96.3 MPH), Distance : 376 ft
|
Batting: RHB Chad Sullivan
|
0-0: Swinging Strike 0-1: Ball 1-1: Ball 2-1: Foul Ball, location: 2F 2-2: Foul Ball, location: 2F 2-2: Strikes out swinging
|
Top of the 8th over - 1 run, 1 hit, 0 errors, 0 left on base; Idaho Falls 1 - Spokane 20 |
BOTTOM OF THE 8TH |
Spokane Indians batting - Pitching for Idaho Falls Chukars : LHP John Wagner
|
Pinch Hitting: RHB Brian Morrison
|
0-0: Foul Ball, location: 2F 0-1: SOLO HOME RUN (Flyball, 9D, EV 96.3 MPH), Distance : 350 ft
|
Pinch Hitting: RHB Joel Escalera
|
0-0: SOLO HOME RUN (Flyball, 7LD, EV 88.1 MPH), Distance : 332 ft
|
Batting: RHB Andy Sheridan
|
0-0: Foul Ball, location: 2F 0-1: Ball 1-1: SOLO HOME RUN (Flyball, 9LD, EV 93.8 MPH), Distance : 345 ft
|
Pinch Hitting: RHB Roberto Monzon
|
0-0: SINGLE (Groundball, 3D, EV 100.6 MPH)
|
Batting: RHB Zion Carr
|
0-0: Fielders Choice at 2nd, 3-6 (Groundball, 34, EV 85.0 MPH)
|
Pinch Hitting: RHB David Reyna
|
0-0: Ball 1-0: Swinging Strike 1-1: Ball 2-1: Ball 3-1: Swinging Strike 3-2: Foul Ball, location: 2F 3-2: Base on Balls Zion Carr to second
|
Batting: SHB Lorenzo Rubio
|
0-0: Grounds into double play, 6-4-3 (Groundball, 6, EV 78.1 MPH)
|
Bottom of the 8th over - 3 runs, 4 hits, 0 errors, 1 left on base; Idaho Falls 1 - Spokane 23 |
TOP OF THE 9TH |
Idaho Falls Chukars batting - Pitching for Spokane Indians : RHP Marc Duncan
|
Pitching: RHP Jeff Bliss
|
|
Now at C: Joel Escalera
|
|
Now at 2B: Roberto Monzon
|
|
Now at SS: Brian Morrison
|
|
Now in LF: Kevin Reed
|
|
Now in CF: Hatsuo Miura
|
|
Batting: RHB Eric Erickson
|
0-0: Foul Ball, location: 2F 0-1: Ball 1-1: Ball 2-1: Foul Ball, location: 2F 2-2: Fly out, F7 (Flyball, 7S, EV 86.3 MPH)
|
Batting: RHB Edite Leoni
|
0-0: Swinging Strike 0-1: Called Strike 0-2: Ball 1-2: Foul Ball, location: 2F 1-2: Strikes out swinging
|
Batting: RHB Ken Postlethwaite
|
0-0: Called Strike 0-1: Called Strike 0-2: Ball 1-2: Strikes out looking
|
Top of the 9th over - 0 runs, 0 hits, 0 errors, 0 left on base; Idaho Falls 1 - Spokane 23 |
|